 Dungeon Crawl Stone Soup version 0.20-a0-540-ge6d1839 (webtiles) character file.

67 Bolverk the Cudgeler (level 4, -1/26 HPs)
             Began as a Gargoyle Gladiator on Jan 29, 2017.
             Was an Initiate of Ashenzari.
             Killed by divine providence
             ... invoked by an orc priest
              (14 damage)
             ... on level 3 of the Dungeon.
             The game lasted 00:02:59 (2030 turns).

Bolverk the Cudgeler (Gargoyle Gladiator)           Turns: 2030, Time: 00:03:00

Health: -1/26      AC: 15    Str: 17    XL:     4   Next: 16%
Magic:  4/4        EV:  5    Int:  9    God:    Ashenzari [......]
Gold:   155        SH:  0    Dex: 12    Spells: 3/3 levels left

rFire    . . .     SeeInvis .   a - +0 flail
rCold    . . .     Gourm    .   m - +0 plate armour (curse)
rNeg     + . .     Faith    .   (no shield)
rPois    ∞         Spirit   .   c - +0 helmet (curse)
rElec    +         Reflect  .   (no cloak)
rCorr    .         Harm     .   (no gloves)
MR       .....                  (no boots)
Stlth    ..........             (no amulet)
Regen    0.1/turn               (no ring)
                                (no ring)

@: no status effects
A: negative energy resistance 1, electricity resistance, unbreathing,
petrification resistance, rot immunity, AC +3
a: Curse Item, Renounce Religion


You were on level 3 of the Dungeon.
You worshipped Ashenzari.
Ashenzari was noncommittal.
You were not hungry.

You visited 1 branch of the dungeon, and saw 3 of its levels.

You collected 155 gold pieces.

Inventory:

Hand Weapons
 a - a +0 flail (weapon)
Missiles
 d - 3 throwing nets {=f}
Armour
 c - a cursed +0 helmet (worn)
 m - a cursed +0 plate armour (worn)
Scrolls
 e - a scroll of immolation {unknown}
 i - a scroll of noise {unknown}
 k - a scroll of enchant weapon {unknown}
 o - a scroll of identify {unknown}
 p - 2 scrolls of remove curse
Potions
 b - a potion of might {unknown}
 g - a potion of flight {unknown}
 l - a potion of resistance {unknown}
Comestibles
 f - 2 bread rations
 h - a royal jelly
 j - 5 meat rations
 n - 4 fruits
 q - 14 chunks of flesh


   Skills:
 - Level 2.1 Fighting
 * Level 4.4 Maces & Flails
 - Level 1.7 Throwing
 + Level 1.2 Armour
 - Level 2.5 Dodging
 - Level 1.2 Stealth


You had 3 spell levels left.
You didn't know any spells.

Dungeon Overview and Level Annotations

Branches:
Dungeon (3/15)

Altars:
Ashenzari


Innate Abilities, Weirdness & Mutations

You are resistant to torment.
Your stone body is resilient. (AC +3)
You are immune to poison.
You resist negative energy. (rN+)
You are resistant to electric shocks. (rElec)
You can survive without breathing.
You are immune to petrification.
You are immune to rotting.


Message History

You see here a giant cockroach corpse!
You butcher the giant cockroach corpse!
An orc priest comes into view! It is wielding a club!
You see here a chunk of flesh!
The orc priest shouts!!!
You closely miss the orc! The orc hits you with a flail!
The orc priest invokes the aid of Beogh against you!
Beogh smites you!!! * * * don't die
* * * The orc hits you with a club! * * * don't die
* * * You are too injured to fight recklessly!!!
You are too injured to fight recklessly!!!
You closely miss the orc! The orc hits you but does no damage!
Your plate armour prevents you from hitting the orc!
The orc hits you but does no damage!
The orc priest invokes the aid of Beogh against you!
Beogh smites you!!!
DANG rip

## .###############
######
.##............##.....##
.##....................#
.##.....................
.##.........%...........
###.....................
..............).........
.### #.#......%.@oo.....
.# ##÷#........o....>..
.# ##..................#
.###...........##.....##
###.......###### ######
..<.###..## .))###..##
...# #... ..##...##.


You could see an orc priest and 2 orcs.

Vanquished Creatures
  An ooze (D:3)
  A leopard gecko (D:1)
  5 orcs
  6 giant cockroaches
  6 goblins
  7 hobgoblins
  3 jackals
  4 kobolds (D:1)
  A quokka (D:3)
  6 bats
  4 frilled lizards
  7 rats
51 creatures vanquished.

Notes
Turn   | Place    | Note
-------+----------+-------------------------------------------
     0 | D:1      | Bolverk the Gargoyle Gladiator began the quest for the Orb.
     0 | D:1      | Reached XP level 1. HP: 12/12 MP: 1/1
   270 | D:1      | Reached XP level 2. HP: 17/17 MP: 2/2
   374 | D:1      | Reached skill level 1 in Stealth
   542 | D:1      | Found a shattered altar of Ashenzari.
   586 | D:1      | Became a worshipper of Ashenzari the Shackled
   831 | D:1      | Reached XP level 3. HP: 21/21 MP: 3/3
  1742 | D:3      | Reached skill level 4 in Maces & Flails
  1836 | D:2      | Reached skill level 1 in Armour
  1841 | D:2      | Reached XP level 4. HP: 15/26 MP: 4/4
  2030 | D:3      | Killed from afar by an orc priest

Vault maps used:
D:1:      wheals_arrival_linesprint, ashenzari_altar_1

Skill      XL: |  1  2  3 |
---------------+----------+-----
Stealth        | 1 |  1.2
Maces & Flails | 4 |  4.4
Armour         | 1 |  1.2
Fighting       | |  2.1
Throwing       | |  1.7
Dodging        | |  2.5

Action                   |  1- 3 |  4- 6 || total
-------------------------+-------+-------++-------
Melee: Flail             |   115 |    27 ||   142
Invok: Curse Item        |     2 |       ||     2
  Eat: Chunk             |     1 |     1 ||     2
       Royal jelly       |     1 |       ||     1
Armor: Leather armour    |    16 |       ||    16
       Plate armour      |   110 |    22 ||   132
Dodge: Dodged            |    49 |    13 ||    62
